[Event "Summer Chess Classic-A 2019"]
[Site "Saint Louis"]
[Date "2019.06.25"]
[Round "7.2"]
[White "Swiercz, Dariusz"]
[Black "Howell, David W L"]
[Result "1/2-1/2"]
[ECO "E06"]
[WhiteElo "2667"]
[BlackElo "2692"]
[Annotator "ChessBase"]
[PlyCount "221"]
[EventDate "2019.06.18"]
[EventType "tourn"]
[EventCountry "USA"]
[SourceTitle "playchess.com"]
[Source "ChessBase"]
[SourceQuality "1"]
[TimeControl "40/5400+30:1800+30"]

1. d4 Nf6 2. c4 e6 3. g3 d5 4. Bg2 Be7 5. Nf3 O-O 6. O-O dxc4 7. Qc2 a6 8. a4 Bd7 9. Qxc4 Bc6 10. Bf4 Bd6 11. Qc1 a5 12. Nc3 Na6 13. Bd2 Nb4 14. Qb1 Bxf3 15. Bxf3 c6 16. Ne4 Nxe4 17. Qxe4 Qe7 18. Rad1 Rad8 19. Bc3 Bc7 20. b3 Rd7 21. Rd2 Rfd8 22. Rfd1 h6 23. Qb1 Bb6 24. e3 Nd5 25. Bb2 Nb4 26. Bc3 Nd5 27. Ba1 Nb4 28. Qc1 Rd6 29. Qc3 Qf6 30. Kg2 Qg6 31. Bb2 R6d7 32. h4 Bc7 33. Qc1 e5 34. h5 Qf5 35. dxe5 Rxd2 36. Rxd2 Rxd2 37. Qxd2 Nd3 38. e4 Qd7 39. Bg4 Ne1+ 40. Qxe1 Qxg4 41. f3 Qxh5 42. Qd2 Qg5 43. Qxg5 hxg5 44. Kh3 Kh7 45. Kg4 Kg6 46. Bc3 b5 47. f4 gxf4 48. gxf4 Kh7 49. Kf5 Bd8 50. e6 Kg8 51. e7 Bxe7 52. Bxa5 bxa4 53. bxa4 Kf8 54. Bb6 Ke8 55. a5 Kd7 56. a6 Kc8 57. Kg4 g6 58. Kf3 Kb8 59. Ke3 Bd6 60. f5 gxf5 61. exf5 Ka8 62. Kd4 Be7 63. Bc5 Bf6+ 64. Kd3 Kb8 65. Kc4 Kc7 66. Ba7 Bh4 67. Kd3 Bg5 68. Bc5 Kb8 69. Ke4 Bf6 70. Bb6 Ka8 71. Kf4 Kb8 72. Kg4 Ka8 73. Kh5 Bg7 74. Kg5 Kb8 75. Bc5 Ka8 76. Kf4 Bc3 77. Ke4 Bf6 78. Bd4 Be7 79. Ke5 Kb8 80. Bf2 Ka8 81. Bb6 Kb8 82. Kd4 Ka8 83. Kc4 Bd6 84. Bf2 Be7 85. Bc5 Bh4 86. Bg1 Be7 87. Bf2 Bd6 88. Bc5 Bg3 89. Kb4 Be1+ 90. Kb3 Bg3 91. Kc2 Bf4 92. Kc3 Bg3 93. Kd2 Bb8 94. Ke3 Be5 95. Kf3 Bf6 96. Kg4 Be5 97. Kg5 Bg7 98. Bb6 Kb8 99. Be3 Ka8 100. Bc5 Kb8 101. f6 Bh8 102. Bd4 Ka8 103. Kf5 Kb8 104. Bc5 Ka8 105. Bf8 Bxf6 106. Kxf6 Ka7 107. Kxf7 Kb6 108. Ke6 Ka7 109. Kd7 Kb6 110. Bc5+ Kxa6 111. Kxc6 1/2-1/2